 Dungeon Crawl Stone Soup version 0.21.1-1-g345015f (webtiles) character file.

11 Iko the Vexing (level 2, 0/23 HPs)
             Began as a Gnoll Arcane Marksman on June 17, 2018.
             Slain by a jackal (1 damage)
             ... on level 1 of the Dungeon.
             The game lasted 00:01:11 (122 turns).

Iko the Vexing (Gnoll Arcane Marksman)               Turns: 122, Time: 00:01:12

Health: 0/23       AC:  2    Str: 12    XL:     2   Next: 25%
Magic:  5/5        EV: 14    Int: 15    God:
Gold:   21         SH:  0    Dex: 15    Spells: 5/6 levels left

rFire    . . .     SeeInvis .   b - +0 mace
rCold    . . .     Gourm    .   (no shield)
rNeg     . . .     Faith    .   e - +0 robe
rPois    .         Spirit   .   (no helmet)
rElec    .         Reflect  .   (no cloak)
rCorr    .         Harm     .   (no gloves)
MR       .....                  (no boots)
Stlth    ++........             (no amulet)
HPRegen  0.07/turn              (no ring)
MPRegen  0.09/turn              (no ring)

@: no status effects
A: distributed training, fangs 1, strong nose
a: no special abilities


You were on level 1 of the Dungeon.
You were not hungry.

You visited 1 branch of the dungeon, and saw 1 of its levels.

You collected 21 gold pieces.

Inventory:

Hand Weapons
 a - a +0 hunting sling
 b - a +0 mace (weapon)
Missiles
 d - 19 sling bullets
Armour
 e - a +0 robe (worn)
Scrolls
 h - a scroll of remove curse {unknown}
 i - a scroll of identify {unknown}
Potions
 g - a potion of resistance {unknown}
Books
 c - a book of Debilitation

   Spells                             Type                      Level
   a - Corona                         Hexes                        1
   b - Slow                           Hexes                        2
   c - Inner Flame                    Hexes/Fire                   3
   d - Portal Projectile              Hexes/Translocation          3
   e - Cause Fear                     Hexes                        4
   f - Leda's Liquefaction            Hexes/Earth                  4
Comestibles
 f - a ration


   Skills:
 + Level 2.4 Fighting
 + Level 0.3 Short Blades
 + Level 0.3 Long Blades
 + Level 0.3 Axes
 + Level 0.3 Maces & Flails
 + Level 0.3 Polearms
 + Level 0.3 Staves
 + Level 4.4 Slings
 + Level 0.3 Bows
 + Level 0.3 Crossbows
 + Level 0.3 Throwing
 + Level 0.3 Armour
 + Level 4.4 Dodging
 + Level 0.3 Stealth
 + Level 0.3 Shields
 + Level 0.3 Unarmed Combat
 + Level 2.7 Spellcasting
 + Level 0.2 Conjurations
 + Level 5.3 Hexes
 + Level 0.2 Charms
 + Level 0.2 Summonings
 + Level 0.2 Necromancy
 + Level 0.2 Translocations
 + Level 0.2 Transmutations
 + Level 0.2 Fire Magic
 + Level 0.2 Ice Magic
 + Level 0.2 Air Magic
 + Level 0.2 Earth Magic
 + Level 0.2 Poison Magic
 + Level 0.4 Invocations
 + Level 0.3 Evocations


You had 5 spell levels left.
You knew the following spells:

 Your Spells              Type           Power        Failure   Level  Hunger
a - Corona                Hex            ###....      2%          1    #......


Dungeon Overview and Level Annotations

Branches:
Dungeon (1/15)

Altars:


Innate Abilities, Weirdness & Mutations

Your experience applies equally to all skills.
You have very sharp teeth.
Your uncanny sense of smell can sniff out nearby items.


Message History

The hobgoblin shouts!
You hit the hobgoblin.
The hobgoblin is severely wounded.
You hear a shout!
The hobgoblin moves out of view.
The hobgoblin hits you with a club.
You hit the hobgoblin.
You kill the hobgoblin!
The jackal barely misses you.
A kobold comes into view. It is wielding a dagger.
You miss the jackal. The jackal barely misses you.
The jackal bites you but does no damage.
You closely miss the jackal. The jackal bites you.
* * * LOW HITPOINT WARNING * * *
The jackal bites you.
* * * LOW HITPOINT WARNING * * *
You miss the jackal. The jackal misses you. The jackal closely misses you.
You hit the jackal but do no damage. The jackal bites you.
* * * LOW HITPOINT WARNING * * *
The jackal bites you.
You die...

...##....)..)............#
#.....................#
#..#........##.........#
#.. #........##.........#
#........##.........#
#........##.........#
####.######.........# ##
#.# #......†..# .. #@#
#.......).. #+###.#h#
######..### ...!K.gg#
######)### ......#K...#
#≈≈≈≈♣.♣≈≈ ......#.##.#
#≈.P.....P #.### #.# #
#≈PPP...PP # ...
##♣.P.....P ∆ ..#
.......<... ...
.#♣.P.....♣


You could see a jackal, 2 hobgoblins and a kobold.

Vanquished Creatures
  A dart slug (D:1)
  3 hobgoblins (D:1)
  2 kobolds (D:1)
  A bat (D:1)
  A rat (D:1)
8 creatures vanquished.

Notes
Turn   | Place    | Note
-------+----------+-------------------------------------------
     0 | D:1      | Iko the Gnoll Arcane Marksman began the quest for the Orb.
     0 | D:1      | Reached XP level 1. HP: 17/17 MP: 4/4
    60 | D:1      | Reached XP level 2. HP: 19/23 MP: 5/5
   122 | D:1      | HP: 1/23 [jackal (3)]
   122 | D:1      | Slain by a jackal

Action                   || total
-------------------------++-------
Melee: Mace              ||    19
       Bite              ||     1
 Fire: Hunting sling     ||     8
Armor: Robe              ||     9
Dodge: Dodged            ||    25
